AoeStats
← Two_Smoothie_Machines

Arabia

510177332Analyzed
2v2 RM · 1d ago on Sep 29, 2026· 18m 46s· 4 players
Game mode
Random Map
Map size
Medium (4 player)
Population
200
Speed
Normal
Resources
Standard
Victory
Conquest
Starting age
Dark Age
Ending age
Imperial Age
RankedLock teamsTeams togetherTeam positionsShared explorationLock speedFull tech treeHidden civsTurbo modeCheats
Victory
Defeat
1060
+15
🇫🇷 Tatars · France
1002
+17
🇫🇷 Franks · France
1055
-17
🇫🇷 Danes · France
1013
-15
Two_Smoothie_Machines
6:18 Loom
6:59 Loom
10:16 Feudal Age
11:05 Double-Bit Axe
16:09 Town Watch
BEN ABITBOL
8:36 Loom
11:30 Feudal Age
11:35 Man-at-Arms
12:01 Arson
13:04 Forging
15:57 Wheelbarrow
15:57 Horse Collar
16:04 Double-Bit Axe
Mi turbito es mi puchito
10:11 Feudal Age
14:45 Castle Age
16:37 Double-Bit Axe
17:43 Man-at-Arms
19:05 Padded Archer Armor
cremolol
8:01 Loom
10:37 Feudal Age
14:45 Castle Age
13:30 Double-Bit Axe
14:44 Fletching
16:30 Padded Archer Armor
18:51 Bow Saw
Connection lost

Rejoining the realm…

Still unreachable

The connection could not be restored.

Session expired

The server has moved on; the page needs a fresh start.